 Dungeon Crawl Stone Soup version 0.28.0-1-gb440e238dd (webtiles) character file.

Game seed: 4132111049706424993

553 zeram the Slinger (level 7, 0/33 HPs)
             Began as a Spriggan Hunter on Feb 20, 2022.
             Succumbed to an orc's poison
             ... on level 4 of the Dungeon.
             The game lasted 00:09:57 (6884 turns).

zeram the Slinger (Spriggan Hunter)                 Turns: 6884, Time: 00:09:57

Health: 0/33       AC:  3    Str:  8    XL:     7   Next: 8%
Magic:  9/9        EV: 19    Int: 14    God:
Gold:   194        SH:  0    Dex: 16    Spells: 3/8 levels left

rFire   . . .      SeeInvis +   l - +2 dagger (vamp)
rCold   . . .      Faith    .   (no shield)
rNeg    . . .      Spirit   .   c - +1 robe
rPois   .          Reflect  .   (helmet restricted)
rElec   .          Harm     .   (no cloak)
rCorr   .          Rampage  .   (gloves unavailable)
Will    +....                   (boots unavailable)
Stlth   ++........              o - amulet of magic regeneration
HPRegen 0.11/turn               (no ring)
MPRegen 0.51/turn               (no ring)

@: lethally poisoned (0 -> -33), very quick
A: very small, no large weapons, unfitting armour, see invisible, speed 3
a: no special abilities


You were on level 4 of the Dungeon.
You visited 1 branch of the dungeon, and saw 5 of its levels.

You collected 194 gold pieces.

Inventory:

Hand Weapons
 a - a +1 hunting sling
 l - a +2 vampiric dagger (weapon)
Missiles
 d - 4 sling bullets
 g - 184 stones
Armour
 c - a +1 robe (worn)
 p - a scarf of shadows
Jewellery
 o - an amulet of magic regeneration (around neck)
Wands
 n - a wand of paralysis (8)
Scrolls
 f - a scroll of fear
 r - a scroll of teleportation {unknown}
Potions
 e - 2 potions of attraction
 h - a potion of degeneration {unknown}
 i - 2 potions of might {unknown}
 j - a potion of lignification
 k - a potion of berserk rage
 m - a potion of magic {unknown}
 s - a potion of flight {unknown}


   Skills:
 - Level 1.5 Fighting
 + Level 9.5 Slings
 + Level 4.4 Dodging
 - Level 1.5 Stealth
 * Level 1.0 Spellcasting
 * Level 1.0 Hexes


You had 3 spell levels left.
You knew the following spells:

 Your Spells              Type           Power      Damage    Failure   Level
a - Tukima's Dance        Hex            3%         N/A       45%         3
b - Ensorcelled Hibernat  Hex/Ice        4%         N/A       32%         2

Your spell library contained the following spells:

 Spells                   Type           Power      Damage    Failure   Level
 Gell's Gravitas          Tloc           0%         N/A       61%         3
 Spider Form              Tmut/Pois      0%         N/A       61%         3
 Teleport Other           Tloc           0%         N/A       61%         3
 Anguish                  Hex/Necr       1%         N/A       91%         4
 Passage of Golubria      Tloc           0%         N/A       95%         4
 Yara's Violent Unravell  Hex/Tmut       1%         3d3       99%         5
 Dispersal                Tloc           0%         N/A       100%        6


Dungeon Overview and Level Annotations

Branches:
Dungeon (5/15)
 Temple: D:4-7

Altars:

Shops:
D:2 :(


Innate Abilities, Weirdness & Mutations

You are very small and have problems with some larger weapons.
You are too small for most types of armour.
You have supernaturally acute eyesight. (SInv)
You cover ground extremely quickly. (Speed+++)


Message History

Okay, then.
You climb downwards.
The bullfrog skeleton misses you. The orc closely misses you.
The bullfrog skeleton barely misses you.
There is a stone staircase leading up, spattered with blood here.
The bullfrog skeleton misses you. The orc completely misses you.
You climb upwards.
There is a stone staircase leading down, spattered with blood here.
You hit the orc.
The orc is heavily wounded.
The orc hits you with a +2 dagger of venom.
You are poisoned.
You hit the orc.
You feel better.
The orc is almost dead.
You feel very sick. The orc completely misses you.
You hit the orc but do no damage.
The orc is almost dead.
You feel sick.
The orc hits you with a +2 dagger of venom.
You are more poisoned.
You barely miss the orc.
The orc is almost dead.
You feel very sick.
The orc hits you with a +2 dagger of venom.
You are lethally poisoned!
You are too injured to fight recklessly!
You are too injured to fight recklessly!
You are too injured to fight recklessly!
You are too injured to fight recklessly!
You hit the orc but do no damage.
The orc is almost dead.
You feel very sick.
The orc hits you with a +2 dagger of venom.
* * * LOW HITPOINT WARNING * * *
You are more poisoned.
Unknown command.
You barely miss the orc.
The orc is almost dead.
You die...

##..##..................#
#...#..................#
##..#..................# #
##..#.................## #
#.....................# #
##....................# #
##..........<........# #
##.....o............## #
#.....@.............# #
##..........<.......## #
######...................#
#
##..............#........##
#...............##......##
#...............#######..#
#...............# ##.#
##..)....)......# ###
####..............#


You could see an orc.

Vanquished Creatures
  An ogre (D:4)
  A black bear (D:4)
  A scorpion (D:4)
  A bullfrog zombie (D:5)
  A hound (D:4)
  Ijyb (D:3)
  3 iguanas (D:4)
  2 adders
  An adder skeleton (D:4)
  2 worms
  A dart slug (D:2)
  14 orcs
  9 ball pythons
  8 endoplasms
  5 giant cockroaches
  10 hobgoblins
  10 jackals
  7 quokkas
  4 bats
  4 frilled lizards
  13 goblins
  7 kobolds
  7 rats
113 creatures vanquished.

Notes
Turn   | Place    | Note
-------+----------+-------------------------------------------
     0 | D:1      | zeram the Spriggan Hunter began the quest for the Orb.
     0 | D:1      | Reached XP level 1. HP: 10/10 MP: 2/2
    44 | D:1      | Reached skill level 5 in Slings
    94 | D:1      | Reached XP level 2. HP: 14/14 MP: 3/3
  1009 | D:1      | Found a faded altar of an unknown god.
  1504 | D:2      | Reached XP level 3. HP: 12/18 MP: 4/4
  1643 | D:2      | Reached skill level 6 in Slings
  1710 | D:2      | Found Nyuxuhuff's Book Boutique.
  2106 | D:2      | Found Doishoxe's Antique Weapon Shop.
  3060 | D:3      | Reached XP level 4. HP: 22/22 MP: 5/5
  3398 | D:3      | Noticed Ijyb
  3407 | D:3      | Killed Ijyb
  3602 | D:3      | Reached skill level 7 in Slings
  3733 | D:3      | Learned a level 3 spell: Tukima's Dance
  4029 | D:4      | Noticed a scorpion
  4036 | D:4      | Reached XP level 5. HP: 16/25 MP: 6/6
  4265 | D:4      | Reached skill level 8 in Slings
  4793 | D:4      | Reached XP level 6. HP: 30/30 MP: 7/7
  5272 | D:5      | Entered Level 5 of the Dungeon
  5801 | D:4      | Reached skill level 9 in Slings
  6035 | D:4      | Reached XP level 7. HP: 13/33 MP: 7/9
  6038 | D:4      | Learned a level 2 spell: Ensorcelled Hibernation
  6754 | D:5      | Reached skill level 1 in Spellcasting
  6754 | D:5      | Reached skill level 1 in Hexes
  6884 | D:4      | Succumbed to an orc's poison

Illustrated notes

Levels and vault maps discovered:
D:1:      mrwooster_arrival_statue_2, layout_loops_ring,
          ebering_ecumenical_altar_webs
D:2:      layout_basic, serial_shops,
          nicolae_shop_temple_entry_statues_fountains, shop,
          amcnicky_mini_pool_small
D:3:      kennysheep_goblin_castle, layout_loops_ring
D:4:      layout_cave_pods
D:5:      layout_rooms, lemuel_doored_altar, temple_pool_b, uniq_ijyb

Skill      XL: |  1  2  3  4  5  6  7 |
---------------+----------------------+-----
Slings         | 5 6 7 8 9 |  9.5
Dodging        | 3 4 |  4.4
Spellcasting   | 1 |  1.0
Hexes          | 1 |  1.0
Fighting       | |  1.5
Stealth        | |  1.5

Action                   |  1- 3 |  4- 6 |  7- 9 || total
-------------------------+-------+-------+-------++-------
Melee: Short sword       |   160 |    14 |       ||   174
       Punch             |     4 |       |       ||     4
       Dagger            |       |       |    22 ||    22
 Fire: Hunting sling     |    40 |   278 |     5 ||   323
Evoke: Wand              |       |     2 |       ||     2
  Use: Scroll            |     1 |     5 |     1 ||     7
 Stab: Sleeping          |     9 |       |       ||     9
       Paralysed         |       |     6 |       ||     6
Armor: Robe              |    12 |    14 |     3 ||    29
Dodge: Dodged            |   130 |    90 |    60 ||   280
